General information
- name: BNet
- type: Ladder team game (AT/RT)
- host: Battle.net
- saver: ff7-pwns-halo
map: Battleground
- players: 8
- length: 90:52
- speed: Fast
- version: 1.26 W3XP
- replay type: Public
» download(286 KB)
Players
team 1 (loser)

»
SMO (
red | 15 APM | 1338 actions | 90:50)
7 Priestess of the Moon
3 Trueshot Aura
3 Scout
1 Starfall
» actions
| Assign group hotkey | 42 | |
| Basic commands | 135 | |
| Build / train | 89 | |
| ESC pressed | 1 | |
| Enter build submenu | 15 | |
| Enter hero's abilities submenu | 7 | |
| Give item / drop item | 1 | |
| Remove unit from queue | 4 | |
| Right click | 290 | |
| Select / deselect | 380 | |
| Select group hotkey | 279 | |
| Use ability | 90 | |
1338 total
» units
| Wisp | 21 | |
| Archer | 1 | |
| Huntress | 5 | |
| Forest Troll Shadow Priest | 1 | |
| Druid of the Talon | 19 | |
| Mud Golem | 1 | |
| Faerie Dragon | 6 | |
| Glaive Thrower | 3 | |
57 total
» upgrades
| Sentinel | 1 | |
| Strength of the Wild | 3 | |
| Druid of the Talon Training | 2 | |
| Reinforced Hides | 3 | |
| Mark of the Talon | 1 | |
| Well Spring | 1 | |
| Strength of the Moon | 3 | |
| Ultravision | 1 | |
15 total
» buildings
| Altar of Elders | 1 | |
| Moon Well | 8 | |
| Ancient of War | 2 | |
| Hunter's Hall | 1 | |
| Tree of Ages | 0 | |
| Ancient of Wonders | 1 | |
| Ancient of Wind | 2 | |
| Tree of Eternity | 1 | |
| Tree of Life | 1 | |
17 total
» build order
00:28 Altar of Elders
00:39 Moon Well
01:00 Ancient of War
01:53 Hunter's Hall
02:31 Moon Well
02:53 Tree of Ages
04:08 Moon Well
05:26 Ancient of Wonders
05:56 Ancient of Wind
05:58 Ancient of Wind
06:03 Moon Well
09:44 Tree of Eternity
09:48 Moon Well
16:15 Moon Well
23:27 Tree of Life
27:06 Moon Well
28:07 Ancient of War
28:32 Moon Well
29:12 Tree of Ages
» items
| Potion of Healing | 3 | |
| Scroll of Town Portal | 1 | |
4 total

»
MisiaczeK (
yellow | 55 APM | 1724 actions | 31:20)
5 Warden
3 Shadow Strike
2 Fan of Knives
3 Pandaren Brewmaster
2 Breath of Fire
1 Drunken Haze
» actions
| Assign group hotkey | 13 | |
| Basic commands | 92 | |
| Build / train | 86 | |
| Enter build submenu | 29 | |
| Enter hero's abilities submenu | 8 | |
| Give item / drop item | 9 | |
| Remove unit from queue | 8 | |
| Right click | 716 | |
| Select / deselect | 621 | |
| Select group hotkey | 24 | |
| Use ability | 118 | |
1724 total
» units
| Wisp | 33 | |
| Archer | 3 | |
| Dryad | 12 | |
| Druid of the Claw | 1 | |
49 total
» upgrades
| Strength of the Wild | 2 | |
| Druid of the Claw Training | 2 | |
| Abolish Magic | 1 | |
| Reinforced Hides | 1 | |
| Nature's Blessing | 1 | |
| Well Spring | 1 | |
8 total
» buildings
| Moon Well | 8 | |
| Altar of Elders | 1 | |
| Ancient of War | 1 | |
| Tree of Ages | 2 | |
| Hunter's Hall | 1 | |
| Ancient of Wonders | 1 | |
| Ancient Protector | 7 | |
| Ancient of Lore | 2 | |
| Tree of Eternity | 1 | |
| Tree of Life | 6 | |
30 total
» build order
00:16 Moon Well
00:19 Altar of Elders
00:28 Ancient of War
01:45 Moon Well
03:14 Tree of Ages
03:14 Tree of Ages
03:18 Moon Well
03:36 Hunter's Hall
04:02 Ancient of Wonders
05:22 Ancient Protector
05:43 Ancient of Lore
05:44 Ancient of Lore
06:27 Moon Well
08:06 Tree of Eternity
08:15 Moon Well
09:54 Moon Well
12:48 Tree of Life
12:50 Ancient Protector
12:51 Ancient Protector
14:50 Tree of Life
14:51 Ancient Protector
15:36 Tree of Life
17:30 Tree of Life
17:38 Ancient Protector
17:40 Ancient Protector
17:47 Ancient Protector
20:28 Tree of Life
23:31 Moon Well
23:32 Moon Well
23:45 Tree of Life
» items
| Lesser Clarity Potion | 5 | |
| Staff of Preservation | 2 | |
| Orb of Venom | 2 | |
| Potion of Mana | 1 | |
| Potion of Healing | 1 | |
| Potion of Lesser Invulnerability | 1 | |
| Scroll of Healing | 1 | |
| Dust of Appearance | 1 | |
14 total

»
redrocket489 (
teal | 10 APM | 875 actions | 90:50)
7 Archmage
3 Summon Water Elemental
3 Blizzard
1 Mass Teleport
» actions
| Assign group hotkey | 20 | |
| Basic commands | 31 | |
| Build / train | 51 | |
| Enter build submenu | 19 | |
| Enter hero's abilities submenu | 7 | |
| Right click | 304 | |
| Select / deselect | 204 | |
| Select group hotkey | 206 | |
| Use ability | 33 | |
875 total
» units
| Peasant | 9 | |
| Footman | 9 | |
| Gryphon Rider | 11 | |
| Rifleman | 2 | |
31 total
» upgrades
| Swords | 3 | |
| Armor | 3 | |
| Lumber Harvesting | 1 | |
| Storm Hammers | 1 | |
| Masonry | 1 | |
9 total
» buildings
| Altar of Kings | 1 | |
| Barracks | 1 | |
| Farm | 11 | |
| Keep | 1 | |
| Lumber Mill | 1 | |
| Blacksmith | 1 | |
| Arcane Vault | 1 | |
| Castle | 1 | |
| Gryphon Aviary | 3 | |
21 total
» build order
00:05 Altar of Kings
00:06 Barracks
00:07 Farm
00:48 Farm
01:38 Farm
03:41 Farm
05:08 Keep
05:12 Farm
05:23 Lumber Mill
05:26 Blacksmith
06:00 Farm
06:12 Arcane Vault
06:44 Farm
07:49 Castle
07:52 Gryphon Aviary
07:53 Gryphon Aviary
07:55 Gryphon Aviary
09:44 Farm
10:25 Farm
17:29 Farm
17:31 Farm
WizardNamedLove (
purple | 33 APM | 3025 actions | 90:50)
8 Archmage
3 Summon Water Elemental
3 Brilliance Aura
1 Mass Teleport
1 Blizzard
» actions
| Assign group hotkey | 191 | |
| Basic commands | 316 | |
| Build / train | 84 | |
| Enter build submenu | 46 | |
| Enter hero's abilities submenu | 8 | |
| Give item / drop item | 4 | |
| Right click | 961 | |
| Select / deselect | 524 | |
| Select group hotkey | 789 | |
| Use ability | 102 | |
3025 total
» units
| Peasant | 19 | |
| Rifleman | 11 | |
| Dragonhawk Rider | 4 | |
| Gryphon Rider | 5 | |
39 total
» upgrades
| Gunpowder | 2 | |
| Long Rifles | 1 | |
| Lumber Harvesting | 2 | |
| Masonry | 3 | |
| Armor | 3 | |
| Animal War Training | 1 | |
| Storm Hammers | 1 | |
| Swords | 3 | |
16 total
» buildings
| Farm | 10 | |
| Altar of Kings | 1 | |
| Barracks | 2 | |
| Blacksmith | 1 | |
| Lumber Mill | 2 | |
| Arcane Vault | 1 | |
| Keep | 1 | |
| Town Hall | 3 | |
| Scout Tower | 21 | |
| Gryphon Aviary | 4 | |
| Guard Tower | 6 | |
| Castle | 1 | |
53 total
» build order
00:52 Farm
01:05 Farm
01:27 Altar of Kings
01:33 Barracks
01:40 Farm
01:58 Blacksmith
02:25 Farm
02:55 Farm
03:23 Lumber Mill
04:00 Arcane Vault
04:38 Keep
07:28 Town Hall
07:54 Scout Tower
07:56 Scout Tower
07:58 Scout Tower
08:18 Gryphon Aviary
08:23 Gryphon Aviary
08:27 Guard Tower
08:28 Guard Tower
08:30 Scout Tower
08:37 Scout Tower
08:38 Scout Tower
08:42 Scout Tower
08:46 Scout Tower
08:49 Scout Tower
09:11 Farm
09:14 Farm
11:42 Guard Tower
12:11 Castle
12:37 Lumber Mill
12:50 Barracks
13:20 Farm
13:21 Farm
13:25 Farm
14:45 Scout Tower
14:45 Scout Tower
14:45 Scout Tower
14:46 Scout Tower
14:48 Scout Tower
14:48 Scout Tower
14:49 Scout Tower
14:50 Scout Tower
14:51 Scout Tower
14:51 Scout Tower
14:53 Scout Tower
14:53 Scout Tower
15:47 Guard Tower
16:17 Gryphon Aviary
16:17 Gryphon Aviary
16:53 Guard Tower
16:57 Guard Tower
17:40 Town Hall
25:19 Town Hall
» items
| Scroll of Regeneration | 3 | |
| Scroll of Town Portal | 1 | |
| Lesser Clarity Potion | 1 | |
| Periapt of Vitality | 4 | |
| Staff of Teleportation | 1 | |
| Scroll of Healing | 1 | |
| Potion of Lesser Invulnerability | 1 | |
12 total
team 2 (winner)

»
DJtest1 (
pink | 54 APM | 780 actions | 14:21)
3 Keeper of the Grove
2 Entangling Roots
1 Thorns Aura
3 Priestess of the Moon
2 Trueshot Aura
1 Scout
» actions
| Assign group hotkey | 25 | |
| Basic commands | 58 | |
| Build / train | 53 | |
| Enter build submenu | 12 | |
| Enter hero's abilities submenu | 7 | |
| Right click | 259 | |
| Select / deselect | 172 | |
| Select group hotkey | 153 | |
| Use ability | 41 | |
780 total
» units
| Wisp | 11 | |
| Archer | 11 | |
| Hippogryph | 6 | |
| Dryad | 3 | |
31 total
» upgrades
| Strength of the Moon | 1 | |
| Reinforced Hides | 2 | |
| Strength of the Wild | 2 | |
| Improved Bows | 1 | |
| Hippogryph Taming | 1 | |
| Abolish Magic | 1 | |
| Ranged Weapons | 1 | |
| Armor | 1 | |
10 total
» buildings
| Altar of Elders | 1 | |
| Moon Well | 4 | |
| Ancient of War | 1 | |
| Ancient of Wonders | 1 | |
| Tree of Ages | 1 | |
| Hunter's Hall | 1 | |
| Ancient of Wind | 1 | |
| Ancient of Lore | 1 | |
| Tree of Eternity | 1 | |
| Fortress | 1 | |
| Watch Tower | 2 | |
15 total
» build order
00:27 Altar of Elders
00:34 Moon Well
00:44 Ancient of War
01:28 Moon Well
01:57 Ancient of Wonders
03:10 Tree of Ages
03:30 Moon Well
04:33 Hunter's Hall
05:54 Moon Well
06:33 Ancient of Wind
08:01 Ancient of Lore
12:03 Tree of Eternity
12:12 Fortress
12:26 Watch Tower
12:30 Watch Tower
» items

»
K1LL (
green | 40 APM | 560 actions | 13:56)
3 Death Knight
2 Death Coil
1 Unholy Aura
2 Shadow Hunter
1 Healing Wave
1 Hex
» actions
| Basic commands | 1 | |
| Build / train | 30 | |
| Enter build submenu | 19 | |
| Enter hero's abilities submenu | 5 | |
| Right click | 300 | |
| Select / deselect | 168 | |
| Use ability | 37 | |
560 total
» units
| Acolyte | 2 | |
| Ghoul | 4 | |
| Crypt Fiend | 3 | |
| Frost Wyrm | 4 | |
13 total
» upgrades
| Creature Attack | 1 | |
| Creature Carapace | 2 | |
| Web | 1 | |
| Freezing Breath | 1 | |
5 total
» buildings
| Altar of Darkness | 1 | |
| Crypt | 1 | |
| Ziggurat | 8 | |
| Graveyard | 1 | |
| Nerubian Tower | 1 | |
| Halls of the Dead | 1 | |
| Spirit Tower | 2 | |
| Tomb of Relics | 1 | |
| Black Citadel | 1 | |
| Sacrificial Pit | 1 | |
| Boneyard | 3 | |
| Orc Burrow | 2 | |
23 total
» build order
00:14 Altar of Darkness
00:24 Crypt
00:38 Ziggurat
01:04 Graveyard
01:19 Ziggurat
01:38 Nerubian Tower
02:58 Halls of the Dead
03:06 Spirit Tower
03:21 Tomb of Relics
03:50 Ziggurat
04:44 Spirit Tower
05:20 Black Citadel
05:25 Sacrificial Pit
07:47 Boneyard
07:49 Boneyard
07:52 Boneyard
09:15 Ziggurat
09:17 Ziggurat
12:09 Orc Burrow
12:12 Orc Burrow
12:36 Ziggurat
12:43 Ziggurat
12:47 Ziggurat
» items
Jaculator (
blue | 74 APM | 762 actions | 10:15)
2 Tauren Chieftain
1 Shockwave
1 Endurance Aura
1 Shadow Hunter
1 Hex
» actions
| Assign group hotkey | 70 | |
| Basic commands | 12 | |
| Build / train | 41 | |
| ESC pressed | 2 | |
| Enter build submenu | 11 | |
| Enter hero's abilities submenu | 3 | |
| Give item / drop item | 1 | |
| Right click | 190 | |
| Select / deselect | 96 | |
| Select group hotkey | 297 | |
| Use ability | 39 | |
762 total
» units
| Peon | 8 | |
| Troll Headhunter/Berserker | 15 | |
23 total
» upgrades
| Ranged Weapons | 1 | |
| Armor | 1 | |
| Spiked Barricades | 1 | |
| Troll Regeneration | 1 | |
4 total
» buildings
| Altar of Storms | 1 | |
| Orc Burrow | 3 | |
| War Mill | 1 | |
| Barracks | 2 | |
| Voodoo Lounge | 1 | |
| Watch Tower | 2 | |
| Stronghold | 1 | |
| Spirit Lodge | 2 | |
13 total
» build order
00:11 Altar of Storms
00:18 Orc Burrow
00:49 War Mill
01:31 Barracks
01:47 Orc Burrow
02:02 Voodoo Lounge
02:30 Barracks
03:06 Watch Tower
03:43 Watch Tower
04:09 Orc Burrow
04:56 Stronghold
07:48 Spirit Lodge
07:49 Spirit Lodge
» items
| Healing Salve | 2 | |
| Scroll of Speed | 1 | |
| Lesser Clarity Potion | 1 | |
4 total
ff7-pwns-halo (
orange | 42 APM | 3809 actions | 90:52)
6 Blademaster
3 Wind Walk
2 Critical Strike
1 Bladestorm
1 Tauren Chieftain
1 Endurance Aura
3 Keeper of the Grove
1 Thorns Aura
1 Entangling Roots
1 Tranquility
1 Priestess of the Moon
1 Scout
3 Shadow Hunter
1 Hex
2 Healing Wave
» actions
| Assign group hotkey | 125 | |
| Basic commands | 80 | |
| Build / train | 142 | |
| Enter build submenu | 57 | |
| Enter hero's abilities submenu | 16 | |
| Give item / drop item | 9 | |
| Right click | 1616 | |
| Select / deselect | 550 | |
| Select group hotkey | 929 | |
| Use ability | 284 | |
3809 total
» units
| Peon | 38 | |
| Wind Rider | 2 | |
| Frost Wyrm | 6 | |
| Dryad | 4 | |
| Hippogryph | 5 | |
| Troll Batrider | 13 | |
| Kodo Beast | 8 | |
| Raider | 1 | |
| Demolisher | 1 | |
| Forest Troll Shadow Priest | 2 | |
| Forest Troll Berserker | 3 | |
| Mud Golem | 3 | |
| Ogre Mauler | 3 | |
89 total
» upgrades
| Ranged Weapons | 2 | |
| Armor | 1 | |
| Reinforced Defenses | 1 | |
| Envenomed Spears | 1 | |
| Cannibalize | 1 | |
| War Drums Damage Increase | 1 | |
| Ensnare | 1 | |
| Melee Weapons | 1 | |
| Spiked Barricades | 2 | |
11 total
» buildings
| Altar of Storms | 1 | |
| Orc Burrow | 8 | |
| War Mill | 50 | |
| Watch Tower | 34 | |
| Voodoo Lounge | 2 | |
| Stronghold | 3 | |
| Beastiary | 4 | |
| Fortress | 2 | |
| Great Hall | 4 | |
| Barracks | 1 | |
109 total
» build order
00:12 Altar of Storms
00:22 Orc Burrow
00:46 War Mill
02:07 Watch Tower
02:12 Watch Tower
02:46 Voodoo Lounge
02:57 Stronghold
02:57 Stronghold
03:06 Orc Burrow
03:08 Orc Burrow
04:14 Orc Burrow
04:47 Watch Tower
05:29 Watch Tower
05:54 Watch Tower
05:55 Watch Tower
07:02 Beastiary
07:06 Beastiary
07:09 Fortress
07:10 Fortress
07:41 Watch Tower
07:42 Watch Tower
08:33 Watch Tower
08:33 Watch Tower
08:34 Watch Tower
08:37 Watch Tower
11:04 Watch Tower
11:05 Watch Tower
11:05 Watch Tower
11:06 Watch Tower
11:06 Watch Tower
13:53 Watch Tower
13:53 Watch Tower
13:54 Watch Tower
14:26 Watch Tower
14:27 Watch Tower
14:27 Watch Tower
17:37 Watch Tower
17:38 Watch Tower
17:39 Watch Tower
19:29 Watch Tower
19:29 Watch Tower
19:31 Watch Tower
19:31 Watch Tower
19:32 Watch Tower
19:32 Watch Tower
27:45 Great Hall
27:50 Voodoo Lounge
28:06 Orc Burrow
33:21 Beastiary
33:22 Beastiary
44:47 Orc Burrow
44:47 Orc Burrow
44:48 Orc Burrow
56:41 Great Hall
56:51 Great Hall
56:55 Barracks
75:44 Great Hall
77:09 War Mill
77:11 War Mill
77:13 War Mill
77:16 War Mill
77:25 War Mill
77:33 War Mill
77:39 War Mill
77:43 War Mill
77:47 War Mill
77:54 War Mill
78:02 War Mill
78:09 War Mill
78:12 War Mill
78:39 War Mill
78:42 War Mill
78:50 War Mill
79:35 War Mill
79:37 War Mill
79:39 War Mill
79:43 War Mill
79:46 War Mill
79:47 War Mill
79:48 War Mill
79:50 War Mill
80:21 War Mill
84:10 War Mill
84:11 War Mill
84:12 War Mill
84:12 War Mill
84:13 War Mill
84:15 War Mill
84:15 War Mill
84:16 War Mill
84:17 War Mill
84:17 War Mill
84:18 War Mill
84:20 War Mill
84:21 War Mill
84:21 War Mill
84:23 War Mill
84:24 War Mill
84:26 War Mill
84:28 War Mill
84:29 War Mill
85:53 War Mill
86:00 War Mill
86:01 War Mill
89:03 War Mill
89:03 War Mill
» items
| Healing Salve | 3 | |
| Staff of Teleportation | 1 | |
| Boots of Speed | 1 | |
| Potion of Healing | 3 | |
| Lesser Clarity Potion | 3 | |
| Orb of Lightning | 4 | |
| Scroll of Town Portal | 1 | |
16 total
Chat log
(00:07 / Allies) ff7-pwns-halo: wyverns bats here
(00:15 / Allies) DJtest1: sup
(01:02 / All) ff7-pwns-halo: i was in a game last night with a prick, his name was something like "GOKU-DID-MY-SIS"
(01:07 / All) ff7-pwns-halo: that guy was an asshole
(01:21 / All) ff7-pwns-halo: any of u face him
(01:31 / All) ff7-pwns-halo: i reporte dhim to blizzard
(01:33 / All) redrocket489: no sir
(01:44 / Allies) ff7-pwns-halo: cc
(01:49 / Allies) DJtest1: whAt did he do
(01:55 / Allies) ff7-pwns-halo: he had his friends with him
(02:00 / Allies) ff7-pwns-halo: they just prolonged the game
(02:10 / Allies) K1LL: OMFG
(02:12 / Allies) K1LL: DUDE
(02:15 / Allies) ff7-pwns-halo: what
(02:16 / Allies) K1LL: I PLAYED WITH HIM LAST NIGHT
(02:22 / Allies) ff7-pwns-halo: did u?
(02:23 / Allies) K1LL: fucking retard
(02:25 / Allies) ff7-pwns-halo: he was a dick
(02:28 / Allies) K1LL: yes fuck that fucking bitch
(02:36 / Allies) K1LL: 50 minute game
(02:42 / Allies) K1LL: he ends up betraying me
(02:47 / Allies) K1LL: it was a long and close game
(02:48 / Allies) ff7-pwns-halo: same for me
(02:50 / Allies) K1LL: he betrays all of us
(02:52 / Allies) ff7-pwns-halo: lots of otwerss
(02:54 / Allies) K1LL: and lets enemies win
(03:02 / Allies) K1LL: yeah fuck that faggot ass bitch
(03:26 / Allies) ff7-pwns-halo: wood?
(03:43 / Allies) ff7-pwns-halo: wyverns bats her esomebody get melee
(03:44 / Allies) K1LL: when did u play with goku?
(03:54 / Allies) ff7-pwns-halo: last night near 11 i think
(03:58 / Allies) K1LL: me too
(04:05 / Allies) ff7-pwns-halo: 'was it on the bi gmap?
(04:07 / Allies) ff7-pwns-halo: last man standing
(04:19 / Allies) K1LL: the one where it has 3 reds in the middle
(04:21 / Allies) K1LL: snow map
(04:31 / Allies) K1LL: the very midle is the blue dragon roost
(04:52 / Allies) K1LL: all I know is that I added him
(04:57 / Allies) K1LL: and next game I'm in with him
(05:00 / Allies) K1LL: bsing his ass
(05:07 / Allies) K1LL: I'll get him back
(06:03 / Allies) ff7-pwns-halo: come green lets cc this
(06:06 / Allies) K1LL: anyone got spare gold
(06:12 / Allies) ff7-pwns-halo: wood plz
(06:15 / Allies) K1LL: with two heroes?
(06:21 / Allies) ff7-pwns-halo: yes
(06:39 / Allies) Jaculator: gather and hit
(06:41 / Allies) Jaculator: im bored?
(06:43 / Allies) ff7-pwns-halo: cc
(06:46 / Allies) K1LL: 100g for 100 wood?
(07:00 / Allies) K1LL: plz?
(07:12 / Allies) K1LL: oj
(07:17 / Allies) K1LL: I gave 100 wood
(07:20 / Allies) K1LL: can I get 100 gold
(07:23 / Allies) ff7-pwns-halo: yes
(07:29 / Allies) ff7-pwns-halo: i got aa though
(07:38 / Allies) K1LL: 100 gold plz
(07:42 / Allies) K1LL: I gave 100 wood
(07:57 / Allies) K1LL: ty
(08:20 / Allies) DJtest1: hit there all here
(08:22 / Allies) ff7-pwns-halo: no
(08:23 / Allies) ff7-pwns-halo: cc
(09:26 / Allies) K1LL: desperately need wood nowlol
(09:28 / Allies) Jaculator: screw u both
(09:36 / Allies) Jaculator: dialbo 3 players
(09:44 / Allies) Jaculator: leave pink?
(09:46 / Allies) Jaculator: lets do i t?
(09:49 / Allies) K1LL: noooooo
(09:53 / Allies) K1LL: wyrms coming
(09:56 / Allies) Jaculator: idc about this shit anymore
(09:58 / Allies) Jaculator: f u
(10:02 / Allies) K1LL: :(
(10:08 / Allies) Jaculator: come or i leave now
(10:11 / Allies) Jaculator: 5
(10:12 / Allies) Jaculator: 4
(10:13 / Allies) Jaculator: 3
(10:14 / Allies) ff7-pwns-halo: tp green
(10:15 / Allies) Jaculator: 1
(10:18 / Allies) K1LL: lol
(10:19 / All) MisiaczeK: dojw4oghietbh
(10:21 / All) MisiaczeK: more rush
(10:23 / Allies) K1LL: he didn't give me a chance
(11:08 / Allies) ff7-pwns-halo: wood
(11:28 / All) WizardNamedLove: oph
(11:30 / All) WizardNamedLove: i didn't buy tp
(11:45 / All) WizardNamedLove: thot I did
(11:53 / All) ff7-pwns-halo: dumb nigga
(12:23 / Allies) ff7-pwns-halo: wood?
(13:08 / Allies) ff7-pwns-halo: expo
(13:11 / Allies) ff7-pwns-halo: i saw it
(13:14 / Allies) ff7-pwns-halo: a wisp
(13:30 / All) ff7-pwns-halo: turn off mh faggot
(13:45 / All) MisiaczeK: its nort mh morron i crteep
(14:16 / Allies) DJtest1: dude fuck u oj
(14:21 / All) MisiaczeK: cry orange cry
(14:25 / All) MisiaczeK: fuck idiot
(14:59 / All) ff7-pwns-halo: f u bitch
(15:06 / All) MisiaczeK: ur mom
(15:16 / All) MisiaczeK: more tyower
(15:19 / All) MisiaczeK: what a idiot
(15:20 / All) MisiaczeK: xD
(17:44 / All) ff7-pwns-halo: plz leave niggas
(17:53 / All) ff7-pwns-halo: u got no chance
(17:59 / All) MisiaczeK: hduerufgut
(18:00 / All) MisiaczeK: solo?
(18:29 / All) MisiaczeK: orange want solo
(18:30 / All) MisiaczeK: girl?
(18:43 / All) WizardNamedLove: orange is a girl?
(19:00 / All) MisiaczeK: u dont know?
(19:05 / All) MisiaczeK: he got 2 pussys :<
(19:08 / All) ff7-pwns-halo: i like cock
(19:58 / All) MisiaczeK: give gold for expo
(19:59 / All) MisiaczeK: -.-
(21:09 / All) ff7-pwns-halo: NICE JOB LOLZ
(21:20 / All) ff7-pwns-halo: out FAGS LOLZ
(21:23 / All) SMO: woooh
(22:52 / All) MisiaczeK: i kill u mother
(23:35 / All) redrocket489: gg
(23:39 / All) ff7-pwns-halo: out faggots
(23:49 / All) redrocket489: haha fuck that ill leave it on
(23:53 / All) redrocket489: at least make you kill it all
(24:04 / All) WizardNamedLove: we had some noobs
(24:09 / All) WizardNamedLove: yellow was major nub
(24:23 / All) ff7-pwns-halo: why are u even trying red
(24:50 / All) SMO: rlly
(25:13 / All) ff7-pwns-halo: im the little brother of kodos_Forsaken i mess u all up!!!
(25:14 / All) SMO: oj purp is attacking all of us
(25:25 / All) ff7-pwns-halo: is he really
(25:29 / All) ff7-pwns-halo: i never could have forseen it
(25:30 / All) SMO: yuh
(25:47 / All) MisiaczeK: i know purple is a bitch :)
(25:50 / All) MisiaczeK: my bitch :)
(25:56 / All) MisiaczeK: i fuck her in the ass allday
(25:59 / All) MisiaczeK: he is slowly
(26:00 / All) MisiaczeK: but ok
(26:02 / All) WizardNamedLove: Looks like it's the other way around from where I'm sitting
(26:18 / All) MisiaczeK: purple want solo? or u fucking newb?
(26:21 / All) WizardNamedLove: You are my bitch yellow
(26:28 / All) MisiaczeK: hahah never
(26:33 / All) MisiaczeK: ur mother is u bitch
(26:39 / All) WizardNamedLove: How come you can't stop me then?
(26:40 / All) ff7-pwns-halo: u guys made it easy on purple, u foolishly lost all ur shit to my towers
(27:30 / All) ff7-pwns-halo: even w/ starfall u still didnt kill me
(27:33 / All) ff7-pwns-halo: how awful
(27:42 / All) redrocket489: yea cuz you needed purp to help you lol
(27:54 / All) ff7-pwns-halo: 4v4 is survival of the fittest
(27:57 / All) ff7-pwns-halo: ADMIT defeat
(28:19 / All) redrocket489: nah your not good lol you just needed purp to get your iwn
(28:25 / All) ff7-pwns-halo: shut uup nigger
(28:30 / All) redrocket489: lol
(28:33 / All) redrocket489: called it
(28:37 / All) ff7-pwns-halo: i always play defenisve
(28:45 / All) ff7-pwns-halo: u guys got raped by purple,
(28:47 / All) redrocket489: yea so purp can tk
(28:56 / All) ff7-pwns-halo: do u guys not realize this game was rigged
(29:05 / All) redrocket489: thats what i just said dumbass lol
(29:15 / All) MisiaczeK: u and purple have very big problem :)
(29:19 / All) MisiaczeK: haters gonna hate
(29:20 / All) MisiaczeK: always
(29:22 / All) ff7-pwns-halo: i had fun
(29:30 / All) MisiaczeK: u and purple sux, very sux :)
(29:32 / All) ff7-pwns-halo: seeing u guys rage gets me horny
(29:37 / All) MisiaczeK: funny is u mother in my bed
(29:45 / All) SMO: so whose going to win you or purp
(29:49 / All) MisiaczeK: oh srr
(29:50 / All) redrocket489: haaha when your going to have to kill all the buildings
(29:57 / All) MisiaczeK: u mother die
(30:00 / All) redrocket489: cuz its not like im gonna log out before i go to work lol
(30:04 / All) ff7-pwns-halo: u act like we never did this before
(30:06 / All) ff7-pwns-halo: dumb clowns
(30:50 / All) ff7-pwns-halo: PERMISSION TO KILL YOUR BUILDINGS, MY LIEGE?
(30:59 / All) MisiaczeK: ok i no have for noobs
(31:06 / All) WizardNamedLove: Kill teal's for now
(32:45 / All) ff7-pwns-halo: TEAL AND RED, if u 2 want the win, u need to earn it
(32:59 / All) ff7-pwns-halo: we will give you a chance at victory if you comply with our rules
(33:49 / All) ff7-pwns-halo: red or teal, you 2 need to play sort of a game to get the win
(33:51 / All) ff7-pwns-halo: is that fair?
(34:01 / All) ff7-pwns-halo: both of you need to work in cooperation to achieve this
(34:08 / All) redrocket489: suck me beautiful
(34:12 / All) redrocket489: i gotta go to work peace
(34:49 / All) ff7-pwns-halo: i want teal and red to count to 500, taking turns counting up every number
(36:00 / All) WizardNamedLove: kill it all
(36:39 / All) ff7-pwns-halo: teal aint afk im gonna watch to see
(37:10 / All) WizardNamedLove: Both of my bitches left me this game
(37:22 / All) WizardNamedLove: I try to please them but I can't keep them happy
(38:52 / All) ff7-pwns-halo: i had a strange dream
(39:04 / All) ff7-pwns-halo: i got too close to radiation poison
(39:15 / All) ff7-pwns-halo: didnt even say if i wa sgonna die
(40:03 / All) WizardNamedLove: Pay your respects to the great and glorious Lord Farsanky
(42:06 / All) WizardNamedLove: Why are you so eager to commit felo de se?
(42:19 / All) WizardNamedLove: Haven't I been good to you?
(42:29 / All) WizardNamedLove: Kept you safe? Provided food when you was hungry?
(42:36 / All) WizardNamedLove: I got a belt womern
(42:52 / All) WizardNamedLove: I think it's long past due to be SMACKING YUR HINEY!
(42:54 / All) WizardNamedLove: TAKE THAT!
(45:17 / All) ff7-pwns-halo: why u quiet red
(46:08 / All) WizardNamedLove: Well we're gathered here tonight, to havea fight but I say man that's not alright!
(46:34 / All) WizardNamedLove: My baby has a temper
(48:02 / All) ff7-pwns-halo: i totally dominated this game
(48:05 / All) ff7-pwns-halo: u guys didnt have a chance
(48:19 / All) ff7-pwns-halo: my bats raped teal's griffons and i raped red's potm
(48:24 / All) WizardNamedLove: Not with allies like the scrubs I was paired with
(48:41 / All) WizardNamedLove: I always get stuck with the noob allies
(56:32 / All) ff7-pwns-halo: wtf is going on, guys?
(56:35 / All) ff7-pwns-halo: what a weird game
(57:48 / All) WizardNamedLove: ALL HAIL THE TREE GOD
(57:53 / All) ff7-pwns-halo: lolz
(57:56 / All) ff7-pwns-halo: HAIL
(58:04 / All) ff7-pwns-halo: my dinosaurs are going to surround it
(58:09 / All) WizardNamedLove: TKHKHKHKHKTKHKHKHKTKHK THE TREE GOD!
(58:22 / All) WizardNamedLove: IT SAW THE BIRTH AND DEATH OF THE DINOSAURS
(58:29 / All) WizardNamedLove: IT WILL OVERSEE TEH BIRTH AND DEATH OF MAN
(58:59 / All) ff7-pwns-halo: LOLZ
(59:03 / All) ff7-pwns-halo: STUPID DEMO
(59:14 / All) WizardNamedLove: too bad I don't have a peon to prayer for its wellbeing
(59:47 / All) WizardNamedLove: I am mesmorized by its rhymthic boogie woogie
(60:33 / All) WizardNamedLove: Why can't male night elves shadowmeld? Isn't that a bit sexist?
(60:44 / All) ff7-pwns-halo: A JUST question my lord
(63:47 / All) WizardNamedLove: tiny great hall should be in every shop
(64:22 / All) WizardNamedLove: the NE shit where tehy can instantly transport a hero to home should be stripped
(64:29 / All) WizardNamedLove: and replaced with tree seed or some shit
(65:54 / All) ff7-pwns-halo: finally lolz
(66:31 / All) WizardNamedLove: the God creates chaos
(79:25 / All) WizardNamedLove: get to work slaves
(79:48 / All) WizardNamedLove: next time I won't aim at the feet
(79:50 / All) WizardNamedLove: you've been warned
(80:00 / All) ff7-pwns-halo: yes sir
(80:11 / All) ff7-pwns-halo: women rights please
(84:03 / All) ff7-pwns-halo: bambi gonna messs u up red
(86:07 / All) ff7-pwns-halo: favorite tv show growing up?
(86:28 / All) ff7-pwns-halo: boy meets world
(86:35 / All) ff7-pwns-halo: tgif fridays
(86:38 / All) ff7-pwns-halo: best day of the week
(89:10 / All) WizardNamedLove: what age we talking here
(89:31 / All) WizardNamedLove: 2-6ish would def be tmnt
(89:38 / All) ff7-pwns-halo: lolz same for me
(89:45 / All) ff7-pwns-halo: ninja turtles
(89:51 / All) ff7-pwns-halo: and ghostbusters
(90:36 / All) WizardNamedLove: darkwing duck owned